 Dungeon Crawl Stone Soup version 0.15-a0-717-ga3c592f (webtiles) character file.

309 Leibowitz the Ducker (level 5, 14/42 HPs)
             Began as a Demigod Gladiator on May 10, 2014.
             Quit the game on Level 5 of the Dungeon.
             The game lasted 00:15:21 (4303 turns).

Leibowitz the Ducker (Demigod Gladiator)            Turns: 4303, Time: 00:15:21

HP  14/42        AC  5     Str 20      XL: 5   Next: 95%
MP   8/8         EV 14     Int 12      God:
Gold 141         SH  0     Dex 17      Spells:  0 memorised,  4 levels left

rFire  . . .     SeeInvis .     j - -3,-1 dagger (curse)
rCold  . . .     Clarity  .     b - +0 leather armour
rNeg   . . .     Conserve .     (no shield)
rPois  .         rCorr    .     k - +0 helmet
rElec  .         rRot     .     (no cloak)
SustAb . .       Spirit   .     (no gloves)
rMut   .         Warding  .     m - +0 pair of boots
Gourm  .         Stasis   .     (no amulet)
MR     .....                    (no ring)
                                (no ring)

@: not resistant to hostile enchantments, unstealthy
A: no striking features
a: no special abilities


You were on level 5 of the Dungeon.
You were not hungry.

You visited 1 branch of the dungeon, and saw 5 of its levels.

You collected 141 gold pieces.

Inventory:

Hand weapons
 a - a +0,+0 cutlass
 g - a +0,+3 short sword of speed
 j - a cursed -3,-1 dagger (weapon)
Missiles
 u - 26 stones (quivered)
Armour
 b - a +0 leather armour (worn)
 c - a +0 helmet
 k - a +0 helmet (worn)
 m - a +0 pair of boots (worn)
Magical devices
 i - a wand of slowing (12)
Comestibles
 f - 3 bread rations
Scrolls
 h - 7 scrolls of identify
 l - 3 scrolls of fear
 q - a scroll of teleportation
Potions
 e - 3 potions of curing
 p - a potion of heal wounds
 w - a potion of resistance


   Skills:
 * Level 2.4 Fighting
 + Level 3.3 Short Blades
 + Level 2.4 Throwing
 + Level 1.5 Armour
 * Level 4.7 Dodging
 * Level 1.8 Stealth


You had 4 spell levels left.
You didn't know any spells.

Dungeon Overview and Level Annotations

Branches:
Dungeon (5/15)             Temple (0/1) D:4

Annotations:
D:4 4tharraofdagon's ghost, weakling DrIE


Message History

The orc wizard casts a spell at you. The magic dart hits you!
Throwing (i - inventory):
u - 28 stones (quivered)
Press: ? - help, Shift-Dir - straight line, f/p - orc wizard
Aim: an orc wizard, wielding a dagger and wearing a robe You throw a stone.
The stone hits the orc wizard.
The orc wizard is moderately wounded.
The orc wizard gestures wildly while chanting.
The orc wizard blinks!
An orc comes into view.
Throwing (i - inventory):
u - 27 stones (quivered)
Press: ? - help, Shift-Dir - straight line, f/p - orc wizard
Aim: an orc wizard, wielding a dagger and wearing a robe (moderately wounded)
You throw a stone.
The stone completely misses the orc wizard.
Drink which item? (? for menu, Esc to quit)
Okay, then.
Quiver which item? (- for none, * to show all) (? for menu, Esc to quit)
Okay, then.
Are you sure you want to abandon this character and quit the game? (Confirm with "yes".)

#. ##. ### # .. ..#
#.##.##.# #....(#o#
#..#..#.# #..<..#.# .
#..#..#.#########.....
# #.(.(o.o.)@.......#
#.##.....###......#
#.....o........$..
#.##.....##......# #.
#.##### ## ### #. #.#
#. #.. . ###


You could see 2 orc wizards and an orc.

Vanquished Creatures
  An orc priest (D:3)
  2 worker ants
  Terence (D:3)
  8 adders
  4 gnolls (D:3)
  An inept feature mimic (D:2)
  3 worms
  7 orcs
  A bat skeleton (D:4)
  5 giant cockroaches
  10 goblins
  8 hobgoblins
  4 jackals (D:2)
  3 quokkas (D:2)
  3 ball pythons
  11 bats
  4 giant geckos
  3 giant newts (D:1)
  8 kobolds
  6 rats
93 creatures vanquished.

Notes
Turn   | Place    | Note
--------------------------------------------------------------
     0 | D:1      | Leibowitz, the Demigod Gladiator, began the quest for the Orb.
     0 | D:1      | Reached XP level 1. HP: 17/17 MP: 2/2
   262 | D:1      | Reached skill level 3 in Dodging
   272 | D:1      | Reached XP level 2. HP: 21/24 MP: 3/3
   820 | D:2      | Reached XP level 3. HP: 20/29 MP: 5/5
   947 | D:2      | Found a blossoming altar of Fedhas.
  1053 | D:2      | Found a bloodstained altar of Trog.
  1535 | D:2      | Reached XP level 4. HP: 14/36 MP: 7/7
  1780 | D:2      | Found a sparkling altar of Nemelex Xobeh.
  2130 | D:2      | Reached skill level 1 in Armour
  2291 | D:3      | Reached skill level 4 in Dodging
  2424 | D:3      | Noticed Terence
  2444 | D:3      | Killed Terence
  2444 | D:3      | Reached skill level 1 in Stealth
  2444 | D:3      | Reached XP level 5. HP: 21/41 MP: 8/8
  3381 | D:4      | Found a shadowy altar of Dithmenos.
  3433 | D:4      | Found a glowing silver altar of Zin.
  3540 | D:4      | Noticed 4tharraofdagon's ghost (weakling DrIE)
  3876 | D:4      | Noticed a moth of wrath
  3880 | D:4      | Found a bloodstained altar of Trog.
  4124 | D:4      | Found a staircase to the Ecumenical Temple.
  4279 | D:5      | Entered Level 5 of the Dungeon
  4303 | D:5      | Quit the game

Action                   |  1- 3 |  4- 6 || total
-------------------------+-------+-------++-------
Melee: Cutlass           |   184 |   147 ||   331
       Dagger            |       |   127 ||   127
       Short sword       |       |     8 ||     8
Throw: Tomahawk          |     7 |    26 ||    33
       Throwing net      |       |     6 ||     6
       Stone             |       |     2 ||     2
Evoke: Wand              |       |     1 ||     1
  Use: Scroll            |       |     8 ||     8
       Potion            |       |     6 ||     6
 Stab: Sleeping          |     2 |     1 ||     3
       Held in net/web   |       |     5 ||     5
       Invisible         |       |     1 ||     1
